 Dungeon Crawl Stone Soup version 0.29-a0-330-g52719c12eb (webtiles) character file.

Game seed: 14323771273470487732

4893 Gwenloh the Magician (level 10, -6/66 HPs)
             Began as a Gnoll Air Elementalist on May 22, 2022.
             Was a Priest of Hepliaklqana.
             Mangled by a yak (13 damage)
             ... on level 7 of the Dungeon.
             The game lasted 00:28:39 (10058 turns).

Gwenloh the Magician (Gnoll Air Elementalist)      Turns: 10058, Time: 00:28:40

Health: -6/66      AC:  3    Str: 11    XL:     10   Next: 51%
Magic:  14/21      EV: 15    Int: 19    God:    Hepliaklqana [***...]
Gold:   430        SH:  0    Dex: 13    Spells: 13/23 levels left

rFire   . . .      SeeInvis .   C - +5 falchion "Fusemest" {distort, rCorr Str+4}
rCold   . . .      Faith    .   (no shield)
rNeg    + . .      Spirit   .   a - +0 robe
rPois   .          Reflect  .   (no helmet)
rElec   .          Harm     .   (no cloak)
rCorr   +          Rampage  .   j - +0 pair of gloves
Will    ++...                   (no boots)
Stlth   +++.......              P - amulet of Cotah {Acrobat Will++}
HPRegen 0.21/turn               k - ring of wizardry
MPRegen 0.17/turn               e - ring of positive energy

@: no status effects
A: reduced essence, fangs 1, strong nose, distributed training
a: Renounce Religion, Recall Ancestor, Ancestor Identity, Transference


You were on level 7 of the Dungeon.
You worshipped Hepliaklqana.
Hepliaklqana was most pleased with you.
You visited 2 branches of the dungeon, and saw 9 of its levels.

You collected 430 gold pieces.

Inventory:

Hand Weapons
 g - a +0 dagger
 C - the +5 falchion "Fusemest" (weapon) {distort, rCorr Str+4}
   (You found it on level 5 of the Dungeon)

   It warps and distorts space around it, and may blink, banish, or inflict
   extra damage upon those it strikes.
   Unwielding it can cause banishment or high damage.
   Str:       It affects your strength (+4).
   rCorr:     It protects you from acid and corrosion.
Armour
 a - a +0 robe (worn)
 j - a +0 pair of gloves (worn)
 A - a +2 buckler
 J - a +0 cloak
Magical Staves
 m - a staff of fire
 L - a staff of death
Jewellery
 e - a ring of positive energy (right hand)
 k - a ring of wizardry (left hand)
 N - a ring of wizardry
 O - a ring of protection from fire
 P - the amulet of Cotah (around neck) {Acrobat Will++}
   (You found it on level 8 of the Dungeon)

   [amulet of the acrobat]

   It increases your evasion while moving and waiting.
   Will:      It greatly increases your willpower.
Wands
 n - a wand of acid (5)
 s - a wand of flame (19)
 H - a wand of iceblast (11)
Scrolls
 d - 3 scrolls of immolation {unknown}
 f - 9 scrolls of identify {unknown}
 l - 2 scrolls of fog {unknown}
 o - 2 scrolls of blinking {unknown}
 q - a scroll of vulnerability {unknown}
 r - a scroll of fear {unknown}
 t - 4 scrolls of enchant weapon {unknown}
 u - a scroll of holy word {unknown}
 v - 6 scrolls of teleportation {unknown}
 w - 3 scrolls of amnesia {unknown}
 x - 2 scrolls of brand weapon {unknown}
 y - 4 scrolls of enchant armour {unknown}
 B - a scroll of magic mapping {unknown}
Potions
 b - a potion of magic
 c - 2 potions of lignification {unknown}
 h - 3 potions of mutation {unknown}
 i - 4 potions of flight {unknown}
 p - 5 potions of curing {unknown}
 z - a potion of degeneration {unknown}
 D - a potion of brilliance {unknown}
 E - a potion of haste {unknown}
 G - a potion of berserk rage {unknown}
 I - a potion of heal wounds {unknown}
 K - a potion of attraction {unknown}


   Skills:
 + Level 5.3 Fighting
 + Level 5.3 Short Blades
 + Level 5.3 Long Blades
 + Level 5.3 Axes
 + Level 5.3 Maces & Flails
 + Level 5.3 Polearms
 + Level 5.3 Staves
 + Level 5.3 Slings
 + Level 5.3 Bows
 + Level 5.3 Crossbows
 + Level 5.3 Throwing
 + Level 5.3 Armour
 + Level 7.1 Dodging
 + Level 6.8 Stealth
 + Level 5.3 Shields
 + Level 5.3 Unarmed Combat
 + Level 7.4 Spellcasting
 + Level 5.0 Conjurations
 + Level 4.4 Hexes
 + Level 4.4 Summonings
 + Level 4.4 Necromancy
 + Level 4.4 Translocations
 + Level 4.4 Transmutations
 + Level 4.4 Fire Magic
 + Level 4.4 Ice Magic
 + Level 7.1 Air Magic
 + Level 4.4 Earth Magic
 + Level 4.4 Poison Magic
 + Level 5.9 Invocations
 + Level 5.3 Evocations


You had 13 spell levels left.
You knew the following spells:

 Your Spells              Type           Power      Damage    Failure   Level
a - Shock                 Conj/Air       100%       1d9       1%          1
b - Static Discharge      Conj/Air       30%        N/A       1%          2
c - Airstrike             Air            17%        N/A       1%          4
d - Tukima's Dance        Hex            23%        N/A       1%          3

Your spell library contained the following spells:

 Spells                   Type           Power      Damage    Failure   Level
 Beastly Appendage        Tmut           46%        N/A       1%          1
 Slow                     Hex            92%        N/A       1%          1
 Confusing Touch          Hex            23%        N/A       1%          3
 Swiftness                Air            34%        N/A       1%          3
 Vampiric Draining        Necr           23%        2d7       1%          3
 Fulminant Prism          Conj/Hex       12%        3d9       6%          4
 Iskenderun's Mystic Bla  Conj/Tloc      24%        2d7       6%          4
 Passage of Golubria      Tloc           23%        N/A       6%          4
 Iskenderun's Battlesphe  Conj           26%        2d8       14%         5
 Fireball                 Conj/Fire      12%        3d7       16%         5
 Lee's Rapid Deconstruct  Erth           11%        3d9*      17%         5
 Yara's Violent Unravell  Hex/Tmut       11%        3d6       17%         5
 Conjure Ball Lightning   Conj/Air       15%        3x3d6     43%         6
 Orb of Destruction       Conj           13%        9d7       98%         7
 Enfeeble                 Hex            11%        N/A       99%         7


Dungeon Overview and Level Annotations

Branches:
Dungeon (8/15)             Temple (0/1) D:5            Lair (1/6) D:8

Altars:
Dithmenos
Hepliaklqana
Makhleb
Okawaru
Ru
Uskayaw
Wu Jian

Shops:
D:6 =


Innate Abilities, Weirdness & Mutations

Your life essence is reduced to manifest your ancestor. (-10% HP)
You have very sharp teeth.
Your uncanny sense of smell can sniff out nearby items.
Your experience applies equally to all skills.


Message History

You climb upwards.
Welcome back to the Dungeon!
There is a staircase to the Lair here.
Okay, then.
Okay, then.
The yak attacks as you move away! The yak barely misses you.
The yak completely misses you. The yak attacks as you move away!
The yak gores you!
* * * LOW HITPOINT WARNING * * *
The yak attacks as you move away! The yak barely misses you.
The yak attacks as you move away! The yak misses you.
The yak attacks as you move away! The yak misses you.
Okay, then.
There is a stone staircase leading up here.
The yak gores you!
* * * LOW HITPOINT WARNING * * *
You climb upwards.
There is a stone staircase leading down here.
The yak misses you. The yak attacks as you move away!
The yak closely misses you. The yak attacks as you move away!
The yak completely misses you. The yak attacks as you move away!
The yak barely misses you. The yak attacks as you move away!
The yak completely misses you. The yak attacks as you move away!
The yak misses you. The yak attacks as you move away!
The yak gores you but does no damage. The yak attacks as you move away!
The yak completely misses you. The yak attacks as you move away!
The yak closely misses you. The yak attacks as you move away!
The yak misses you. The yak attacks as you move away! The yak gores you.
* * * LOW HITPOINT WARNING * * *
The yak attacks as you move away! The yak completely misses you.
Casting: Static Discharge (safe; 1% risk of failure)
Confirm with . or Enter, or press ? or * to list all spells.
Aiming: Shock (safe; 1% risk of failure)
Press: ? - help, Shift-Dir - straight line The zap hits the yak.
The yak is severely wounded.
The zap hits the yak.
The yak is severely wounded.
The yak gores you!
You die...

###>..####..........#
##...# #..........#
#.#.####.........#
#.#..# ##.........
#..#.####.........
##...............#
####..##....>.....
######.Y...#......##.##
#.....@##..........#.##
#..>..######...#......#
#.....# #...........
#.....######....#.###..
#.....##......#.#.##...
#.######........#.#..#.
#.# #............###
#.# #..........###
######.####
#......#...##


You could see a yak.

Vanquished Creatures
  A flayed ghost (D:8)
  A hornet (D:8)
  2 shadows (D:8)
  3 wraiths (D:8)
  A wyvern (D:8)
  A fire bat (D:8)
  A yak (Lair:1)
  An orc warrior (D:8)
  A black bear (D:6)
  An ogre (D:5)
  A centaur (D:5)
  A phantom (D:5)
  3 scorpions
  7 wights
  2 killer bees (D:7)
  A jelly (D:5)
  2 orc priests (D:8)
  3 hounds
  3 iguanas
  3 orc wizards
  3 gnolls (D:6)
  7 adders
  2 ufetubi
  A worm (D:4)
  3 dart slugs
  12 orcs
  5 ball pythons
  19 bats
  8 endoplasms
  4 giant cockroaches
  2 goblins
  11 hobgoblins
  6 jackals
  3 quokkas
  A frilled lizard (D:1)
  5 kobolds
  5 rats
136 creatures vanquished.

Vanquished Creatures (collateral kills)
  A komodo dragon (D:8)
  Prince Ribbit (D:7)
  2 orc warriors (D:8)
  3 ice beasts
  A black bear (D:8)
  A centaur (D:6)
  A scorpion (D:6)
  2 wights
  A killer bee (D:7)
  A hound (D:7)
  A gnoll shaman (D:6)
  An orc priest (D:6)
  An iguana (D:7)
  A gnoll (D:6)
  2 adders (D:5)
  A shadow imp (D:6)
  A worm (D:5)
  An orc (D:8)
23 creatures vanquished.

Vanquished Creatures (others)
  2 dancing weapons
  2 hexers (D:8)
  An ancestor (D:5)
  11 plants (D:8)
16 creatures vanquished.

Grand Total: 175 creatures vanquished

Notes
Turn   | Place    | Note
-------+----------+-------------------------------------------
     0 | D:1      | Gwenloh the Gnoll Air Elementalist began the quest for the
                  | Orb.
     0 | D:1      | Reached XP level 1. HP: 13/13 MP: 6/6
   121 | D:1      | Reached XP level 2. HP: 19/19 MP: 5/7
  1042 | D:1      | Reached XP level 3. HP: 25/25 MP: 3/9
  1129 | D:1      | Learned a level 2 spell: Static Discharge
  1153 | D:1      | Reached skill level 5 in Spellcasting
  1584 | D:1      | Reached skill level 1 in Invocations
  1848 | D:2      | Found a hazy altar of Hepliaklqana.
  1855 | D:2      | Became a worshipper of Hepliaklqana the Forgotten
  1911 | D:2      | You fall into a shaft and drop 2 floors!
  1913 | D:4      | Noticed a scorpion
  1917 | D:4      | Killed a scorpion
  1918 | D:4      | Reached skill level 1 in Fighting
  1918 | D:4      | Reached skill level 1 in Short Blades
  1918 | D:4      | Reached skill level 1 in Long Blades
  1918 | D:4      | Reached skill level 1 in Axes
  1918 | D:4      | Reached skill level 1 in Maces & Flails
  1918 | D:4      | Reached skill level 1 in Polearms
  1918 | D:4      | Reached skill level 1 in Staves
  1918 | D:4      | Reached skill level 1 in Slings
  1918 | D:4      | Reached skill level 1 in Bows
  1918 | D:4      | Reached skill level 1 in Crossbows
  1918 | D:4      | Reached skill level 1 in Throwing
  1918 | D:4      | Reached skill level 1 in Armour
  1918 | D:4      | Reached skill level 1 in Shields
  1918 | D:4      | Reached skill level 1 in Unarmed Combat
  1918 | D:4      | Reached skill level 1 in Hexes
  1918 | D:4      | Reached skill level 1 in Summonings
  1918 | D:4      | Reached skill level 1 in Necromancy
  1918 | D:4      | Reached skill level 1 in Translocations
  1918 | D:4      | Reached skill level 1 in Transmutations
  1918 | D:4      | Reached skill level 1 in Fire Magic
  1918 | D:4      | Reached skill level 1 in Ice Magic
  1918 | D:4      | Reached skill level 1 in Earth Magic
  1918 | D:4      | Reached skill level 1 in Poison Magic
  1918 | D:4      | Reached skill level 1 in Evocations
  1918 | D:4      | Reached XP level 4. HP: 28/32 MP: 0/11
  2202 | D:4      | Reached XP level 5. HP: 33/37 MP: 3/12
  2831 | D:3      | Reached * piety under Hepliaklqana
  3348 | D:2      | Found a faded altar of an unknown god.
  3358 | D:2      | Got Plato's Handbook of Transmutation
  3364 | D:2      | Learned a level 4 spell: Airstrike
  4163 | D:4      | Reached XP level 6. HP: 39/39 MP: 6/13
  4330 | D:5      | Entered Level 5 of the Dungeon
  4555 | D:5      | Found a staircase to the Ecumenical Temple.
  4612 | D:5      | Reached skill level 5 in Dodging
  4920 | D:5      | Reached XP level 7. HP: 36/45 MP: 2/15
  5230 | D:5      | Reached ** piety under Hepliaklqana
  5232 | D:5      | Remembered your ancestor Matia as a hexer
  5320 | D:5      | Identified the +5 falchion "Fusemest" {distort, rCorr
                  | Str+4}
  5392 | D:5      | Reached skill level 5 in Stealth
  5527 | D:5      | Found a hide-covered altar of Uskayaw.
  5766 | D:6      | Found Moulenep's Jewellery Boutique.
  5916 | D:6      | Learned a level 3 spell: Tukima's Dance
  6044 | D:6      | Reached XP level 8. HP: 28/51 MP: 1/16
  6816 | D:7      | Noticed Prince Ribbit
  6820 | D:7      | Killed Prince Ribbit
  7336 | D:7      | Reached *** piety under Hepliaklqana
  7347 | D:7      | Reached XP level 9. HP: 58/58 MP: 11/18
  7820 | D:8      | Found a staircase to the Lair.
  7821 | D:8      | Noticed a komodo dragon
  8361 | D:8      | Noticed a hornet
  8368 | D:8      | Killed a hornet
  8489 | D:8      | Reached skill level 5 in Invocations
  8596 | D:8      | Found a runed translucent door.
  8730 | D:8      | Found a sacrificial altar of Ru.
  8735 | D:8      | Reached XP level 10. HP: 65/65 MP: 14/20
  8979 | D:8      | Found a burning altar of Makhleb.
  8993 | D:8      | Found a hazy altar of Hepliaklqana.
  9016 | D:8      | Noticed a flayed ghost
  9027 | D:8      | Killed a flayed ghost
  9028 | D:8      | Reached skill level 5 in Fighting
  9028 | D:8      | Reached skill level 5 in Short Blades
  9028 | D:8      | Reached skill level 5 in Long Blades
  9028 | D:8      | Reached skill level 5 in Axes
  9028 | D:8      | Reached skill level 5 in Maces & Flails
  9028 | D:8      | Reached skill level 5 in Polearms
  9028 | D:8      | Reached skill level 5 in Staves
  9028 | D:8      | Reached skill level 5 in Slings
  9028 | D:8      | Reached skill level 5 in Bows
  9028 | D:8      | Reached skill level 5 in Crossbows
  9028 | D:8      | Reached skill level 5 in Throwing
  9028 | D:8      | Reached skill level 5 in Armour
  9028 | D:8      | Reached skill level 5 in Shields
  9028 | D:8      | Reached skill level 5 in Unarmed Combat
  9028 | D:8      | Reached skill level 5 in Evocations
  9037 | D:8      | Identified the amulet of Cotah {Acrobat Will++}
  9082 | D:8      | Found an ornate altar of the Wu Jian Council.
  9155 | D:8      | Found a shadowy altar of Dithmenos.
  9176 | D:8      | Found an iron altar of Okawaru.
 10002 | Lair:1   | Entered Level 1 of the Lair of Beasts
 10010 | Lair:1   | Reached skill level 5 in Conjurations
 10058 | D:7      | Mangled by a yak

Illustrated notes

Levels and vault maps discovered:
D:1:      dpeg_arrival_round_b, layout_basic, serial_corexii_hall,
          corexii_hall_statues_s, corexii_hall_statues_i, minivault_25,
          minmay_tromino_i2
D:2:      layout_basic, basic_altar, shapermc_ecumenical_altar_rom_forum,
          ebering_dispersal_statue_hall, dreamdust_wishing_well
D:3:      layout_loops_ring
D:4:      layout_basic
D:5:      layout_rooms, amcnicky_altar_gilded, minmay_temple_entry_mini_moons
D:6:      layout_basic, serial_shops, nicolae_shop_statue_plus
D:7:      layout_rooms, uniq_prince_ribbit1
D:8:      due_megacathedral, layout_rooms, david_lair_shrubbed, minmay_holes
Lair:1:   layout_roguey, minivault_27, lemuel_fruit_tree,
          infiniplex_staircase_pool_2, grunt_megastairs_5, uniq_joseph

Skill      XL: |  1  2  3  4  5  6  7  8  9 10 |
---------------+-------------------------------+-----
Conjurations   | 2 3 4 5 |  5.0
Spellcasting   | 5 6 7 |  7.4
Invocations    | 1 2 3 4 5 |  5.9
Fighting       | 1 2 3 4 5 |  5.3
Short Blades   | 1 2 3 4 5 |  5.3
Long Blades    | 1 2 3 4 5 |  5.3
Axes           | 1 2 3 4 5 |  5.3
Maces & Flails | 1 2 3 4 5 |  5.3
Polearms       | 1 2 3 4 5 |  5.3
Staves         | 1 2 3 4 5 |  5.3
Slings         | 1 2 3 4 5 |  5.3
Bows           | 1 2 3 4 5 |  5.3
Crossbows      | 1 2 3 4 5 |  5.3
Throwing       | 1 2 3 4 5 |  5.3
Armour         | 1 2 3 4 5 |  5.3
Shields        | 1 2 3 4 5 |  5.3
Unarmed Combat | 1 2 3 4 5 |  5.3
Hexes          | 1 2 3 4 |  4.4
Summonings     | 1 2 3 4 |  4.4
Necromancy     | 1 2 3 4 |  4.4
Translocations | 1 2 3 4 |  4.4
Transmutations | 1 2 3 4 |  4.4
Fire Magic     | 1 2 3 4 |  4.4
Ice Magic      | 1 2 3 4 |  4.4
Earth Magic    | 1 2 3 4 |  4.4
Poison Magic   | 1 2 3 4 |  4.4
Evocations     | 1 2 3 4 5 |  5.3
Dodging        | 5 6 7 |  7.1
Stealth        | 5 6 |  6.8
Air Magic      | 6 7 |  7.1

Action                   |  1- 3 |  4- 6 |  7- 9 | 10-12 || total
-------------------------+-------+-------+-------+-------++-------
Melee: Dagger            |     3 |     2 |     2 |       ||     7
       Unarmed           |     1 |       |       |       ||     1
       Bite              |       |       |     4 |     3 ||     7
       Falchion          |       |       |    18 |    14 ||    32
 Cast: Shock             |    66 |    75 |   147 |    31 ||   319
       Static Discharge  |     8 |    14 |    13 |    18 ||    53
       Airstrike         |       |     7 |    25 |    10 ||    42
       Tukima's Dance    |       |       |     7 |       ||     7
Invok: Recall Ancestor   |       |     1 |       |       ||     1
       Ancestor Life: He |       |       |     1 |       ||     1
Evoke: Wand              |       |       |     1 |       ||     1
 Stab: Confused          |       |       |     2 |       ||     2
Armor: Robe              |     2 |     1 |     6 |     3 ||    12
Dodge: Dodged            |    19 |     6 |    20 |    33 ||    78

Table legend: (Time is in decaauts)
 A = Elapsed time spent in this place.
 B = Non-inter-level travel time spent in this place.
 C = Inter-level travel time spent in this place.
 D = Time resting spent in this place.
 E = Time spent auto-exploring this place.
 F = Levels seen in this place.
 G = Mean time per level.
                   A        B        C        D        E       F      G
               +--------+--------+--------+--------+--------+-----+--------+
         Total |  10062 |   9752 |    310 |    865 |   7815 |   9 | 1118.0 |
       Dungeon |  10053 |   9743 |    310 |    865 |   7815 |   8 | 1256.6 |
          Lair |      8 |      8 |      0 |      0 |      0 |   1 |    8.0 |
               +--------+--------+--------+--------+--------+-----+--------+

Top non-repeatable levels by time:
     D:8: 2253 daAuts
     D:1: 1634 daAuts
     D:6: 1331 daAuts
     D:4: 1203 daAuts
     D:5: 1195 daAuts
     D:3: 902 daAuts
     D:2: 827 daAuts
     D:7: 706 daAuts
  Lair:1: 8 daAuts
